 Dungeon Crawl Stone Soup version 0.31-b1-20-g67cafac56d (webtiles) character file.

Game seed: 7827581834279793840

19 PaiMei the Grave Robber (level 2, -8/20 HPs)
             Began as a Demonspawn Necromancer on Jan 18, 2024.
             Mangled by Natasha (9 damage)
             ... on level 2 of the Dungeon.
             The game lasted 00:01:10 (860 turns).

PaiMei the Grave Robber (Demonspawn Necromancer)     Turns: 860, Time: 00:01:11

Health: -8/20      AC:  2    Str:  8    XL:     2   Next: 55%
Magic:  1/5        EV: 12    Int: 15    God:
Gold:   93         SH:  0    Dex: 13    Spells: 4/5 levels left

rFire   . . .        e - +0 short sword
rCold   . . .        (no shield)
rNeg    . . .        a - +0 robe
rPois   .            (no helmet)
rElec   .            (no cloak)
rCorr   .            (no gloves)
SInv    .            (no boots)
Will    .....        (no amulet)
Stlth   ++           (no ring)
HPRegen 0.23/turn    (no ring)
MPRegen 0.09/turn

%: no passive effects
@: no status effects
A: weakness stinger 1
a: no special abilities


You were on level 2 of the Dungeon.
You visited 1 branch of the dungeon, and saw 2 of its levels.

You collected 93 gold pieces.

Inventory:

Hand Weapons
 e - a +0 short sword (weapon)
Armour
 a - a +0 robe (worn)
Talismans
 h - a dragon-blood talisman
Scrolls
 c - a scroll of poison {unknown}
 d - a scroll of revelation {unknown}
 f - 2 scrolls of enchant weapon {unknown}
 g - 2 scrolls of identify {unknown}
 j - a scroll of teleportation {unknown}
 m - a scroll of amnesia {unknown}
Potions
 b - a potion of magic
 i - a potion of heal wounds {unknown}
 k - a potion of enlightenment {unknown}
 l - 2 potions of might {unknown}
 n - a potion of berserk rage {unknown}
 o - a potion of curing {unknown}


   Skills:
 + Level 0.3 Fighting
 + Level 2.1 Dodging
 - Level 2.0 Stealth
 + Level 2.3 Spellcasting
 + Level 4.6 Necromancy


You had 4 spell levels left.
You knew the following spells:

 Your Spells              Type           Power      Damage    Failure   Level
a - Necrotise             Necr           60%        1d7       3%          1

Your spell library contained the following spells:

 Spells                   Type           Power      Damage    Failure   Level
 Vampiric Draining        Necr           15%        2d7       10%         3
 Animate Dead             Necr           15%        N/A       32%         4
 Curse of Agony           Necr           15%        N/A       65%         5


Dungeon Overview and Level Annotations

Branches:
Dungeon (2/15)

Altars:

Annotations:
D:2 Natasha


Innate Abilities, Weirdness & Mutations

You have a small tail.


Message History

Your bat skeleton misses the cerulean imp.
The cerulean imp hits you with a +1 spear.
You hit the cerulean imp.
The cerulean imp is severely wounded.
Your bat skeleton hits the cerulean imp.
Your bat skeleton barely misses the cerulean imp.
Your bat skeleton closely misses the cerulean imp.
The cerulean imp hits your bat skeleton with a +1 spear!
Your bat skeleton is destroyed!
The cerulean imp shouts!
Casting: Necrotise (safe; 3% risk of failure)
Confirm with . or Enter, or press ? or * to list all spells.
You can't see any susceptible monsters within range! (Use Z to cast anyway.)
You hit the cerulean imp.
You kill the cerulean imp!
The cerulean imp disappears in a puff of smoke!
Natasha stares at you and mumbles some strange words.
The magic dart hits you!
Ouch! That really hurt!
* * * LOW HITPOINT WARNING * * *
Casting: Necrotise (safe; 3% risk of failure)
Confirm with . or Enter, or press ? or * to list all spells.
Aiming: Necrotise (safe; 3% risk of failure)
Press: ? - help, Shift-Dir - straight line, f/p - Natasha
Aim: Natasha (lightly wounded, chance to affect: 72%) Natasha writhes in agony!
Natasha claws you.
* * * LOW HITPOINT WARNING * * *
You miss Natasha.
Natasha is heavily wounded.
Natasha stares at you and mumbles some strange words.
The magic dart hits you.
* * * LOW HITPOINT WARNING * * *
Casting: Necrotise (safe; 3% risk of failure)
Confirm with . or Enter, or press ? or * to list all spells.
Aiming: Necrotise (safe; 3% risk of failure)
Press: ? - help, Shift-Dir - straight line, f/p - Natasha
Aim: Natasha (heavily wounded, chance to affect: 72%) Natasha writhes in agony.
Natasha claws you!
You die...
Natasha curls up and begins to purr.

#.............#
#.............# .>..
#.............##....
#..[................
########......#...#
#...........>.##.
#................
#++##............
....##...@..#>
....###.#h##
♣.♣..##...#
♣...'..#.....#
♣.♣..'.##.##..#
♣..### .. .. ...#
#.. ....# ... #++#
.#.


You could see Natasha.

Vanquished Creatures
  A ribbon worm (D:2)
  A ball python (D:1)
  2 endoplasms (D:1)
  A giant cockroach (D:1)
  A hobgoblin (D:1)
  3 jackals (D:1)
  2 kobolds (D:1)
  4 bats
15 creatures vanquished.

Notes
Turn   | Place    | Note
-------+----------+-------------------------------------------
     0 | D:1      | PaiMei the Demonspawn Necromancer began the quest for the
                  | Orb.
     0 | D:1      | Reached XP level 1. HP: 13/13 MP: 3/3
   217 | D:1      | Discovered your monstrous ancestry.
   217 | D:1      | Gained mutation: You have a small tail. [demonic ancestry]
   217 | D:1      | Reached XP level 2. HP: 19/19 MP: 0/5
   851 | D:2      | Noticed Natasha
   859 | D:2      | HP: 1/20 [Natasha/magic dart (2)]
   860 | D:2      | Mangled by Natasha

Illustrated notes

Levels and vault maps discovered:
D:1:      scummos_arrival_star, layout_rooms, minmay_misc_feat_secret_circle,
          minmay_liquid_box, minmay_misc_feat_hallway, nrook_mini_vaults
D:2:      layout_rooms, roderic_roman_lattice, corner_web_ring,
          minmay_misc_feat_columns, kennysheep_generic_room_3, uniq_natasha,
          uniq_sigmund

Skill      XL: |  1 |
---------------+----+-----
Stealth        | 2 |  2.0
Dodging        | 2 |  2.1
Fighting       | |  0.3
Spellcasting   | |  2.3
Necromancy     | |  4.6

Action                     || total
---------------------------++-------
  Melee: Short sword       ||    22
         Tailslap          ||     1
   Cast: Necrotise         ||    32
 Armour: Robe              ||    16
  Dodge: Dodged            ||    15
